 Dungeon Crawl Stone Soup version 0.23-a0-644-gb60d84b (webtiles) character file.

712 Borgoz the Sneak (level 8, -7/52 HPs)
             Began as a Halfling Assassin on Jan 2, 2019.
             Mangled by an orc warrior
             ... wielding a +0 flail
              (22 damage)
             ... on level 7 of the Dungeon.
             The game lasted 00:13:07 (5082 turns).

Borgoz the Sneak (Halfling Assassin)                Turns: 5082, Time: 00:13:08

Health: -7/52      AC:  2    Str: 12    XL:     8   Next: 0%
Magic:  8/8        EV: 16    Int:  9    God:
Gold:   171        SH:  0    Dex: 18    Spells: 7/7 levels left

rFire    + . .     SeeInvis .   a - +2 dagger
rCold    + + .     Gourm    .   (shield restricted)
rNeg     . . .     Faith    .   c - +0 robe
rPois    .         Spirit   .   (no helmet)
rElec    .         Reflect  .   w - scarf {rC+ rF+}
rCorr    .         Harm     .   (no gloves)
MR       .....                  (no boots)
Stlth    ++++......             d - amulet of the acrobat
HPRegen  0.17/turn              o - ring of protection from cold
MPRegen  0.11/turn              (no ring)

@: no status effects
A: small, mutation resistance 1
a: no special abilities


You were on level 7 of the Dungeon.
You were very hungry.

You visited 1 branch of the dungeon, and saw 8 of its levels.

You collected 171 gold pieces.

Inventory:

Hand Weapons
 a - a +2 dagger (weapon)
 b - a +0 blowgun
Missiles
 e - 15 poisoned needles
 f - 2 curare-tipped needles
 l - 3 throwing nets (quivered)
Armour
 c - a +0 robe (worn)
 w - a scarf of resistance (worn)
 x - a scarf of resistance
Jewellery
 d - an amulet of the acrobat (around neck)
 o - a ring of protection from cold (left hand)
 r - an uncursed ring of wizardry
 t - an uncursed ring of resist corrosion
Wands
 i - a wand of clouds (8)
 k - a wand of flame (19)
 y - a wand of scattershot (5)
Scrolls
 h - a scroll of fear {unknown}
 j - 2 scrolls of remove curse
 p - a scroll of identify
 q - 3 scrolls of teleportation
 s - 2 scrolls of magic mapping
 v - a scroll of amnesia {unknown}
Potions
 n - a potion of brilliance
Comestibles
 g - 10 rations


   Skills:
 + Level 3.2 Fighting
 + Level 5.5 Short Blades
 + Level 3.4 Throwing
 + Level 2.9 Dodging
 + Level 7.4 Stealth


You had 7 spell levels left.
You didn't know any spells.
Your spell library was empty.

Dungeon Overview and Level Annotations

Branches:
Dungeon (9/15)
 Temple: D:4-7         Lair: D:8-11         Orc: D:9-12

Altars:
Elyvilon
Fedhas
Gozag
Hepliaklqana
Ru
Uskayaw
Xom
The Shining One

Shops:
D:4 [

Annotations:
D:5 Eustachio


Innate Abilities, Weirdness & Mutations

You are small and have problems with some larger weapons.
You are somewhat resistant to further mutation.


Message History

The orc warrior looks more healthy.
Firing (i - inventory. (/) - cycle)
e - 16 poisoned needles (quivered)
Press: ? - help, Shift-Dir - straight line, f/p - orc warrior
Aim: an orc warrior, wielding a +0 flail and wearing a +0 plate armour You shoot a poisoned needle.
The poisoned needle barely misses the orc warrior.
Your magical contamination has completely faded away.
You see here a glowing trident.
Firing (i - inventory. (/) - cycle)
e - 15 poisoned needles (quivered)
Press: ? - help, Shift-Dir - straight line, f/p - orc warrior
Aim: an orc warrior, wielding a +0 flail and wearing a +0 plate armour
Okay, then.
a - a +2 dagger (weapon)
The orc warrior misses you.
The orc shouts!
You hit the orc but do no damage. The orc barely misses you.
You hit the orc.
The orc is lightly wounded.
The orc warrior hits you with a +0 flail!!
You die...

#.. ..##.#.## #.#
##.##.##)##
###.########..##.....#
#..........(..#####.#.#
#.#.#.######..# #.###
#$#...# #..# #.#
#.###.# #..# #.#
#.###.# #..#####.#
..((..# ###...o@o..#
###.### ##...>#######
(##.# #..)### .##.#
#.).# ##.# #...# ..#
#..># #.# #...# ...
#.... # #...##


You could see an orc warrior and an orc.

Vanquished Creatures
  A hungry ghost (D:7)
  2 ogres
  A scorpion (D:8)
  A crimson imp (D:8)
  3 hounds
  A worker ant (D:4)
  A hound skeleton (D:4)
  3 gnolls (D:7)
  8 adders
  An adder skeleton (D:5)
  2 worms
  5 dart slugs
  5 orcs
  16 bats
  3 giant cockroaches
  8 goblins
  5 hobgoblins
  4 jackals (D:3)
  A quokka (D:3)
  2 ball pythons
  4 frilled lizards
  9 kobolds
  A leopard gecko skeleton (D:4)
  7 rats
94 creatures vanquished.

Vanquished Creatures (others)
  A fungus (D:8)
  A plant (D:8)
2 creatures vanquished.

Grand Total: 96 creatures vanquished

Notes
Turn   | Place    | Note
-------+----------+-------------------------------------------
     0 | D:1      | Borgoz the Halfling Assassin began the quest for the Orb.
     0 | D:1      | Reached XP level 1. HP: 14/14 MP: 1/1
   238 | D:1      | Reached XP level 2. HP: 19/19 MP: 2/2
   328 | D:1      | Reached skill level 5 in Stealth
   565 | D:1      | Reached XP level 3. HP: 13/24 MP: 3/3
  1416 | D:2      | Reached XP level 4. HP: 22/29 MP: 4/4
  1943 | D:2      | Reached XP level 5. HP: 19/34 MP: 5/5
  2385 | D:2      | Found a hazy altar of Hepliaklqana.
  2604 | D:4      | Found Xoanush's Antique Armour Shop.
  2800 | D:3      | Found a blossoming altar of Fedhas.
  2801 | D:3      | Found a white marble altar of Elyvilon.
  2967 | D:3      | Reached skill level 6 in Stealth
  3390 | D:4      | Found a shimmering altar of Xom.
  3437 | D:4      | Reached XP level 6. HP: 26/40 MP: 6/6
  3582 | D:4      | Found a sacrificial altar of Ru.
  3620 | D:4      | Noticed an ogre
  3649 | D:4      | Killed an ogre
  4114 | D:5      | Entered Level 5 of the Dungeon
  4166 | D:5      | Found an opulent altar of Gozag.
  4172 | D:5      | Found a glowing golden altar of the Shining One.
  4192 | D:5      | Noticed Eustachio
  4218 | D:5      | You fall through a shaft for 3 floors!
  4241 | D:8      | Reached XP level 7. HP: 17/45 MP: 7/7
  4424 | D:8      | Reached skill level 5 in Short Blades
  4424 | D:8      | Reached skill level 7 in Stealth
  4430 | D:8      | Noticed a hippogriff
  4449 | D:9      | Noticed a hungry ghost
  4552 | D:7      | Noticed a hungry ghost
  4554 | D:7      | Killed a hungry ghost
  4624 | D:7      | HP: 1/46 [gnoll (5)]
  4652 | D:7      | Found a hide-covered altar of Uskayaw.
  5005 | D:7      | Reached XP level 8. HP: 17/52 MP: 8/8
  5082 | D:7      | Mangled by an orc warrior

Vault maps used:
D:1:      minmay_arrival_statue_studded, serial_curves, eino_curves_02,
          eino_curves_02, minmay_statues_item
D:2:      marbit_many_paths
D:3:      nicolae_overflow_hidden_temple, first_ration
D:4:      old_standard_altar, lemuel_round_altar, serial_shops,
          nicolae_shop_overgrown_old_shop
D:5:      grunt_temple_overflow_open, serial_shops, shop, uniq_eustachio
D:7:      lemuel_crystal_altar, overflow_temple_1_default,
          nicolae_overflow_crystal_walls, uniq_joseph
D:8:      dpeg_oklobed_lair, serial_shops, shop
D:9:      lemuel_crystal_altar

Skill      XL: |  1  2  3  4  5  6  7 |
---------------+----------------------+-----
Stealth        | 5 6 7 |  7.4
Short Blades   | 3 4 5 |  5.5
Fighting       | 2 3 |  3.2
Dodging        | 2 |  2.9
Throwing       | 3 |  3.4

Action                   |  1- 3 |  4- 6 |  7- 9 || total
-------------------------+-------+-------+-------++-------
Melee: Dagger            |   108 |   186 |   137 ||   431
 Fire: Blowgun           |     4 |    20 |    18 ||    42
  Use: Potion            |       |     3 |     3 ||     6
       Scroll            |       |     8 |     3 ||    11
 Stab: Sleeping          |    13 |    14 |     1 ||    28
       Distracted        |       |     1 |       ||     1
  Eat: Chunk             |     1 |     9 |     2 ||    12
Armor: Robe              |    23 |    21 |     8 ||    52
Dodge: Dodged            |    83 |   139 |    92 ||   314

Table legend:
 A = Non-vault XP
 B = Vault XP
 C = Vault XP percentage of total XP
 D = Non-vault monster count
 E = Vault monster count
 F = Vault count percentage of total count
                 A         B        C        D         E       F
            +---------+---------+-------+---------+---------+-------
      Total |    1005 |      13 |   1.3 |      93 |       1 |   1.1
            +---------+---------+-------+---------+---------+-------
        D:1 |      40 |       0 |   0.0 |      23 |       0 |   0.0
        D:2 |     101 |      13 |  11.4 |      22 |       1 |   4.3
        D:3 |      55 |       0 |   0.0 |      25 |       0 |   0.0
        D:4 |     270 |       0 |   0.0 |       9 |       0 |   0.0
        D:5 |      19 |       0 |   0.0 |       2 |       0 |   0.0
        D:7 |     280 |       0 |   0.0 |       8 |       0 |   0.0
        D:8 |     240 |       0 |   0.0 |       4 |       0 |   0.0
            +---------+---------+-------+---------+---------+-------
